[Event "*** SCC Grand Prix: Titled Tuesday Blitz"]
[Site "Chess.com"]
[Date "2020.07.14"]
[Round "10"]
[White "Kildepiotr"]
[Black "Jbd735"]
[Result "1/2-1/2"]
[WhiteElo "2599"]
[BlackElo "2472"]
[TimeControl "180+1"]
[EndTime "12:00:58 PDT"]
[Termination "Game drawn by repetition"]

1. Nf3 d5 2. g3 Nf6 3. Bg2 c6 4. O-O Bf5 5. d3 e6 6. Nbd2 h6 7.
Qe1 Bh7 8. e4 Be7 9. Qe2 O-O 10. b3 a5 11. a4 Na6 12. Bb2 dxe4 13. dxe4 Nb4 14. Rfd1 Qc8 15. Nc4 Bc5 16. Nfe5 Qc7 17.
Nd3 Nxd3 18. Rxd3 Rfd8 19. Be5 Qe7 20. Rad1 Rxd3 21. Rxd3 b5 22. Nd2 Rd8 23. Bf3 Rxd3 24. Qxd3 Qd7 25. Bxf6 Qxd3 26. cxd3 gxf6 27. Be2 f5 28.
Kg2 fxe4 29. Nxe4 Bxe4+ 30. dxe4 bxa4 31. bxa4 e5 32. f4 Bd4 33. Kf3 Kg7 34. Kg4 Kf6 35.
Bc4 c5 36. Bd5 Kg6 37. h4 exf4 38. gxf4 f6 39. h5+ Kg7 40. Kf5 Bc3 41. Ke6 Bd4 42. Bc4 Be3 43. e5 fxe5 44. fxe5 Kf8 45. Bb5 Bf4 46.
Kf6 Bg3 47. e6 Bh4+ 48. Ke5 Bg5 49. Kd6 Be7+ 50. Kc6 Kg7 51. Kb6 Bd8+ 52. Kxc5 Kf6 53. Kd6 Be7+ 54. Kd7 Bb4 55. Bc4 Be7 56. Kc6 Bb4 57. Kd5 Be7 58. Ke4 Bb4 59. Bd5 Be7 60. Kd4 Bb4 61. Kc4 Be7 62. Kb5 Bb4 63. Kc6 Be7 64. Kd7 Bb4 65. Bc6 Be7 66. Bb5 Bb4 67.
Ba6 Be7 68. Bc8 Bb4 69. Kc6 Be7 70. Kb7 Bb4 71. Kb6 Ke7 72. Bd7 Kf6 73. Kb5 Ke7 74.
Kc4 Kf6 75. Kd5 Be7 76. Ke4 Bb4 77. Kd4 Be7 78. Kc4 Bb4 79. Kb5 Ke7 80. Bc8 Kf6 81. Ka6 Ke7 82. Bd7 Kf6 83. Kb7 Ke7 84. Kc6 Kf6 85.
Kd5 Be7 86. Bb5 Bb4 87. Bc4 Ke7 88. Ba2 Kf6 89. Bb3 Be7 90. Kc6 Bb4 91. Kb5 Ke7 92. Kc4 Kxe6 93. Kb5+ Kf6 94. Bc2 Kg5 95. Bg6 Be1 96.
Kc4 Bb4 97. Kb5 Be1 98. Kc4 Bb4 99. Kb5 1/2-1/2

[Event "*** SCC Grand Prix: Titled Tuesday Blitz"]
[Site "Chess.com"]
[Date "2020.07.14"]
[Round "10"]
[White "Nayemhaque22"]
[Black "Kolle05"]
[Result "0-1"]
[WhiteElo "2220"]
[BlackElo "2371"]
[TimeControl "180+1"]
[EndTime "12:01:01 PDT"]
[Termination "Kolle05 won by resignation"]

1. e4 c5 2. Nf3 d6 3. Bb5+ Nd7 4.
O-O a6 5. Be2 Ngf6 6. Nc3 e5 7.
b3 g6 8. Bb2 Bg7 9. d3 O-O 10.
Nd5 Nxd5 11. exd5 b5 12. Nd2 f5 13. f4 exf4 14. Bxg7 Kxg7 15. Rxf4 Ne5 16. d4 cxd4 17. Rxd4 Qb6 18. c3 Bb7 19. Kh1 Rac8 20. Rc1 Qc5 21.
Nf3 Ng4 22. Qd2 h6 23. Kg1 Rfe8 24. h3 Nf6 25. b4 Qb6 26. Kh2 Bxd5 27. Bd1 Ne4 28.
Qf4 Qc6 29. Nh4 Nf6 30. Qg3 Bf7 31. Nxf5+ Kh7 32. Nxd6 Red8 33. Qf4 Kg7 34. Bf3 Qc7 35. Nxc8 Qxc8 36. Rxd8 Qxd8 37. Rd1 Qe7 38. Qd4 g5 39. Rf1 Bg6 40. Bg4 Kf7 41. Bf5 Bxf5 42. Rxf5 Kg6 43. Rf1 Qe6 44. Kh1 Ne4 45. Qd3 Kg7 46. Rf3 g4 47.
hxg4 Ng5 48. Rf7+ Qxf7 49. Qd4+ Qf6 50. Qd7+ Qf7 51. Qd4+ Qf6 52. Qd7+ Kg6 53. Qd4 Qxd4 54. cxd4 Kf6 55. d5 Ke5 56. d6 Kxd6 57. Kh2 Ke5 58.
Kg3 Ke4 59. Kh4 Kf4 60. Kh5 Ne4 61. Kxh6 Kxg4 62. Kg6 Kg3 63. Kf5 Nc3 64. a3 Nb1 65. Ke5 Nxa3 66. Kd4 Nc2+ 67. Kc3 Nxb4 68. Kxb4 Kxg2 69.
Ka5 Kf3 70. Kxa6 b4 71. Kb5 b3 72. Ka4 b2 73. Kb3 b1=Q+ 74. Ka3 Qc2 0-1

[Event "*** SCC Grand Prix: Titled Tuesday Blitz"]
[Site "Chess.com"]
[Date "2020.07.14"]
[Round "10"]
[White "CroissantNeuf"]
[Black "Oglob71"]
[Result "1-0"]
[WhiteElo "2432"]
[BlackElo "2516"]
[TimeControl "180+1"]
[EndTime "12:01:04 PDT"]
[Termination "CroissantNeuf won by checkmate"]

1. e4 c5 2. Nf3 e6 3. c3 Nf6 4.
e5 Nd5 5. Bc4 Nb6 6. Bb3 c4 7. Bc2 Nc6 8. O-O Qc7 9. Re1 g5 10.
Nxg5 Nxe5 11. Qh5 Be7 12. f4 Qc5+ 13. d4 cxd3+ 14. Be3 dxc2 15. Bxc5 Bxc5+ 16. Kf1 cxb1=Q 17. Raxb1 Ng6 18. f5 Nc4 19. fxg6 fxg6 20. Qh6 Nd2+ 21. Ke2 Nxb1 22. Rxb1 b6 23. Ne4 Ba6+ 24. Kd2 O-O-O 25. Nxc5 bxc5 26. b4 Rhf8 27. Qe3 Rf5 28. bxc5 Bb7 29.
c6 dxc6+ 30. Kc2 c5 31. Qxe6+ Kb8 32. Qe7 Rf2+ 33. Kb3 Rc8 34. Ka3 Rc7 35. Qd8+ Rc8 36. Qd6+ Rc7 37. Re1 Rf7 38. Re8+ Bc8 39. Rd8 Kb7 40. Qd5+ Kb8 41. Qd6 Rd7 42. Rxd7 Bxd7 43. Qf8+ Kb7 44. Qf4 Bc6 45. Qg5 Be4 46. Qe5 Bxg2 47.
Qg3 Bc6 48. Qe5 Bf3 49. Qf4 Bc6 50. Qd6 Bg2 51. Qe5 Bf3 52. h4 Bg2 53. Qf4 Bc6 54. Qe5 Bf3 55. Qg5 Be4 56. Qh6 Bf5 57. Qg5 Kb8 58.
Qg3 Kb7 59. Qe3 a6 60. Qe5 h5 61. Qf6 c4 62. Qe5 Rc6 63. Kb4 Kb6 64. Qa5+ Kb7 65.
Qd5 Bd3 66. a4 Kc7 67. a5 Rd6 68. Qc5+ Kd7 69. Qa7+ Ke6 70. Qb8 Ke5 71. Qe8+ Kf4 72. Qe7 Rd5 73. Qc7+ Ke4 74. Qe7+ Re5 75. Qf6 Rb5+ 76.
Ka4 Rxa5+ 77. Kxa5 Ke3 78. Qe5+ Kd2 79. Kxa6 Kc2 80. Kb6 g5 81. hxg5 h4 82. Qf4 h3 83.
Qh2+ Kxc3 84. g6 Bxg6 85. Qg3+ Bd3 86. Qxh3 Kd2 87. Kc5 c3 88. Kd4 c2 89. Qxd3+ Kc1 90. Kc3 Kb1 91. Qxc2+ Ka1 92. Qb2# 1-0

[Event "*** SCC Grand Prix: Titled Tuesday Blitz"]
[Site "Chess.com"]
[Date "2020.07.14"]
[Round "10"]
[White "mjray79"]
[Black "kassablanca"]
[Result "1/2-1/2"]
[WhiteElo "2351"]
[BlackElo "2589"]
[TimeControl "180+1"]
[EndTime "12:01:15 PDT"]
[Termination "Game drawn - insufficient material"]

1. d4 d6 2. c4 e5 3. d5 f5 4. e4 Nf6 5. Nc3 g6 6. exf5 gxf5 7. f4 Bg7 8. Nf3 O-O 9. Be2 e4 10.
Nd4 Kh8 11. Be3 a5 12. h3 Na6 13. g4 Nc5 14. g5 Nfd7 15. h4 Nb6 16. h5 h6 17. Qd2 a4 18. Nd1 Bd7 19. Nf2 Qe7 20. Nh3 c6 21. dxc6 bxc6 22. gxh6 Bxh6 23. Ng5 Bg7 24. h6 Bf6 25. Nc2 a3 26. Nd4 axb2 27.
Qxb2 Nba4 28. Qd2 Rab8 29. Kf2 Rb2 30. Nc2 Ne6 31. Nxe6 Bxe6 32. Bd4 Nc5 33. Bxb2 Bxb2 34. Rag1 Qf6 35. Qxd6 e3+ 36. Kf1 Ne4 37. Qxc6 Nd2+ 38. Ke1 Bc3 39. Kd1 Rb8 40. Nxe3 Rb1+ 41. Kc2 Rb2+ 42. Kc1 Bg8 43. Rxg8+ Kxg8 44. h7+ Kf7 45. Qd7+ Kg6 46. Qe8+ Qf7 47. Qxf7+ Kxf7 48. h8=Q Bxh8 49. Rxh8 Rxa2 50. Bd3 Nb3+ 51. Kb1 Rf2 52. Bc2 Nd2+ 53. Kb2 Rxf4 54. Nxf5 Nxc4+ 55. Kc3 Ne5 56. Rh7+ Kf6 57.
Rh6+ Kf7 58. Rh7+ Kf6 59. Ra7 Kg5 60. Rg7+ Kf6 61. Rg1 Rxf5 62. Bxf5 Kxf5 63. Rf1+ Ke4 64. Re1+ Kd5 65. Rd1+ Ke4 66. Kc2 Nf3 67. Rf1 Nd4+ 68. Kd2 Nf3+ 69. Ke2 Nd4+ 70. Kf2 Nf5 71. Re1+ Kf4 72.
Ra1 Ke4 73. Ra4+ Nd4 74. Ke1 Kd3 75. Kf2 Nc2 76. Kg3 Nd4 77. Kg4 Ke4 78. Rb4 Ke3 79.
Kg3 Ke4 80. Rb8 Ke3 81. Re8+ Kd3 82. Kf2 Kc4 83. Rd8 Nf5 84. Kf3 Nd4+ 85. Ke4 Nc6 86. Rc8 Kc5 87. Rc7 Kd6 88. Rc8 Kd7 89. Rh8 Kd6 90.
Rh6+ Kc5 91. Rh5+ Kd6 92. Kd3 Ne5+ 93. Kd4 Nc6+ 94. Kc4 Ne5+ 95. Kc3 Nc6 96. Rh4 Ne5 97. Kd4 Nc6+ 98. Ke4 Kc5 99. Rh5+ Kd6 100. Rh6+ Kc5 101. Rh7 Kd6 102. Kf5 Kc5 103. Rd7 Nd4+ 104. Ke5 Nc6+ 105. Ke4 Kc4 106. Rc7 Kc5 107. Rxc6+ Kxc6 1/2-1/2

[Event "*** SCC Grand Prix: Titled Tuesday Blitz"]
[Site "Chess.com"]
[Date "2020.07.14"]
[Round "10"]
[White "AnishOnYoutube"]
[Black "wonderfultime"]
[Result "0-1"]
[WhiteElo "2870"]
[BlackElo "2974"]
[TimeControl "180+1"]
[EndTime "12:01:18 PDT"]
[Termination "wonderfultime won on time"]

1. e4 c5 2. Nf3 Nf6 3. e5 Nd5 4. Nc3 e6 5. Ne4 f5 6. Nc3 Ne7 7. Nb5 Ng6 8. b3 a6 9. Nd6+ Bxd6 10. exd6 Qb6 11. Bb2 O-O 12. h4 Qxd6 13. h5 Ne7 14. h6 g6 15. Bg7 Rf7 16. Ng5 Rxg7 17. hxg7 Qe5+ 18. Be2 h5 19. Kf1 f4 20. Nf3 Qxg7 21.
d4 cxd4 22. Qxd4 Nbc6 23. Qxg7+ Kxg7 24. Rd1 d5 25. c4 Kf6 26. Rh4 Nf5 27. Rxf4 e5 28.
Rxf5+ Bxf5 29. Rxd5 Be6 30. Rd6 Ke7 31. Rd2 Rf8 32.
Ke1 Bg4 33. Nh4 Bf5 34. Nxf5+ gxf5 35. Bxh5 Rh8 36. Bd1 Rh1+ 37. Ke2 Ke6 38. g3 Nd4+ 39. Kd3 a5 40. Kc3 b6 41. a3 Rh8 42. Rd3 Nc6 43.
Rd2 e4 44. b4 axb4+ 45. axb4 Ra8 46. Bb3 Ke7 47. Rd5 Rf8 48. Rb5 f4 49. Rxb6 fxg3 50.
fxg3 Rf3+ 51. Kb2 Nd4 52. Bd1 Rd3 53. Bg4 Rxg3 54. Bh5 e3 55. c5 e2 56. Bxe2 Nxe2 57. Rd6 Nf4 58. Rd4 Ne6 59. Rd5 Nc7 60. Rd2 Nb5 61. Rd5 Ke6 62. Rd2 Ke5 63. Rd8 Nd4 64. Ka2 Nc6 65. Rd6 Nxb4+ 66. Kb2 Nd3+ 67. Kc2 Nxc5 68.
Rd8 Ne6 69. Re8 Kd5 70. Kb2 Nc5 71. Rd8+ Kc4 72. Kc2 Rg2+ 73. Kd1 Ne4 74. Rc8+ Kd4 75. Rd8+ Ke3 76. Kc1 Rh2 77. Rd7 Nc5 78. Rd8 Nd3+ 79.
Kb1 Rb2+ 80. Ka1 Rb7 81. Rh8 Kd2 82. Ka2 Kc3 83. Rh3 Ra7+ 84. Kb1 Ra8 85. Rg3 Rf8 86. Rh3 Rf2 87. Rg3 Rh2 88. Ka1 Kc2 89. Ka2 Rh4 90.
Ka3 Kc3 91. Rg1 Rh8 92. Ka4 Rb8 93. Rd1 Nb2+ 94. Ka5 Nxd1 0-1